Workbook

Sheet бюджет 2017
A1: Порівняльний аналіз показників бюджету міста на 2017 рік за видатками
E2: тис.грн.
A3: код за ТПКВКМБ | B3: Галузь | C3: Показники рішення про внесення змін до бюджету міста у травні | D3: Проект рішення про внесення змін у червні | E3: відхилення
A5: Загальний фонд
A6: 0100 | B6: Органи місцевого самоврядування | C6: 242754.47 | D6: =[1]Місто!$F$648/1000 -> 243972.28 | E6: =D6-C6 -> 1217.811 | F6: =D6-220 -> 243752.28
A7: 1000 | B7: Освіта, в тому числі: | C7: 1834287.7 | D7: =[1]Місто!$F$50/1000+D15 -> 1835658.5 | E7: =D7-C7 -> 1370.845
B8: Дошкільні навчальні заклади, позашкільна освіта, поточні ремонти загальноосвітніх закладів тощо | C8: 1124044.2 | D8: =D7-D9-D11-D12 -> 1125497.5 | E8: =D8-C8 -> 1453.321
B9: за рахунок освітньої субвенції | C9: 709772.6 | D9: =([1]Місто!$F$54+[1]Місто!$F$59+[1]Місто!$F$62+[1]Місто!$F$67)/1000 -> 709772.6 | E9: =D9-C9 -> 0
B10: в т.ч. за рахунок субвенції на надання державної підтримки особам з особливими освітніми потребами | C10: 23080.406 | D10: =([1]Місто!$F$55+[1]Місто!$F$63)/1000 -> 23080.406 | E10: =D10-C10 -> 0
B11: в т.ч.за рахунок залишку коштів освітньої субвенції з державного бюджету, що утворився на початок бюджетного періоду | C11: 0 | D11: =([1]Місто!$F$56+[1]Місто!$F$60+[1]Місто!$F$64+[1]Місто!$F$68)/1000 -> 0 | E11: =D11-C11 -> 0
B12: в т.ч.за рахунок субвенції з державного бюджету на моджернізацію та оновлення матеріально-технічної бази професіонально-технічних навчальних закладів державної форми власності | C12: 470.876 | D12: =[1]Місто!$F$70/1000 -> 388.4 | E12: =D12-C12 -> -82.476
A13: 1100 | B13: професійно-технічна освіта | C13: 177190.86 | D13: =[1]Місто!$F$66/1000 -> 177108.38 | E13: =D13-C13 -> -82.476
B14: депутатський фонд | C14: 4988.151 | D14: =644.82+85.921+510.7-23.6+610.107+202.24+28.6+740.86+600.684+10+284.218+235.825+60+140+854.776+3+614.725+828.366+40 -> 6471.242 | E14: =D14-C14 -> 1483.091
A15: 1060 | B15: Дитячі будинки (в т.ч.сімейного типу, прийомні сім'ї) | C15: 312.136 | D15: =[1]Місто!$F$256/1000 -> 312.136 | E15: =D15-C15 -> 0
A16: 2000 | B16: Охорона здоров'я, в тому числі: | C16: 1005210.4 | D16: =[1]Місто!$F$131/1000 -> 1010525.1 | E16: =D16-C16 -> 5314.782
B17: за рахунок медичної субвенції | C17: 642856.1 | D17: =([1]Місто!$F$133+[1]Місто!$F$137+[1]Місто!$F$141+[1]Місто!$F$145+[1]Місто!$F$148+[1]Місто!$F$151+[1]Місто!$F$162)/1000 -> 642856.1 | E17: =D17-C17 -> 0
B18: в т.ч.за рахунок залишку коштів медичної субвенції з державного бюджету, що утворився на початок бюджетного періоду | C18: 0 | D18: =([1]Місто!$F$163+[1]Місто!$F$152+[1]Місто!$F$149+[1]Місто!$F$146+[1]Місто!$F$142+[1]Місто!$F$139)/1000 -> 0 | E18: =D18-C18 -> 0
B19: за рахунок субвенції на відшкодування вартості лікарських засобів для лікування окремих захворювань | C19: 10801.753 | D19: =([1]Місто!$F$135+[1]Місто!$G$143+[1]Місто!$G$153)/1000 -> 10801.753 | E19: =D19-C19 -> 0
B20: депутатський фонд | C20: 873.127 | D20: =25+103.31+114+142.8-9.8+85.685+20+49+160+61.232+64.9+7+50+24.178+116.368 -> 1013.673 | E20: =D20-C20 -> 140.546
A21: 3000 | B21: Соціальний захист | C21: =195847.803+12800 -> 208647.8 | D21: =D39+D35+D37+D27+D36+D41+D22+D33+D34 -> 204790.88 | E21: =D21-C21 -> -3856.92
A22: 3030 | B22: Надання інших передбачених законодавством пільг | C22: 71462.336 | D22: =([1]Місто!$F$204+[1]Місто!$F$205+[1]Місто!$F$206+[1]Місто!$F$207+[1]Місто!$F$208+[1]Місто!$F$209+[1]Місто!$F$210)/1000 -> 71462.336 | E22: =D22-C22 -> 0 | F22: =D22-D26 -> 6517.837
A23: 090203 | B23: - ветеранам війни, особам, на яких поширюється чинність Закону України "Про статус ветеранів війни, гарантії їх соціального захисту", особам, які мають особливі заслуги перед Батьківщиною, вдовам (вдівцям) та батькам померлих (загиблих) осіб, які мають особливі заслуги перед Батьківщиною, ветеранам праці, особам, які мають особливі трудові заслуги перед Батьківщиною, вдовам (вдівцям) та батькам померлих (загиблих) осіб, які мають особливі трудові заслуги перед Батьківщиною, жертвам нацистських переслідувань та реабілітованим громадянам, які стали інвалідами внаслідок репресій або є пенсіонерами | C23: 2511.906 | D23: =[1]Місто!$F$204/1000 -> 2511.906 | E23: =D23-C23 -> 0
A24: 090209 | B24: Інші пільги громадянам, які постраждали внаслідок Чорнобильської катастрофи, дружинам (чоловікам) та опікунам (на час опікунства) дітей померлих громадян, смерть яких пов'язана з Чорнобильською катастрофою | C24: 81.291 | D24: =[1]Місто!$F$205/1000 -> 81.291 | E24: =D24-C24 -> 0
A25: 090214 | B25: Пільги окремим категоріям громадян з послуг зв'язку | C25: 3924.64 | D25: =[1]Місто!$F$206/1000 -> 3924.64 | E25: =D25-C25 -> 0
B26: в тому числі на компенсацію пільгового проїзду різними видами транспорту | C26: 64944.499 | D26: =([1]Місто!$G$207+[1]Місто!$G$208+[1]Місто!$G$209+[1]Місто!$G$210)/1000 -> 64944.499
A27: 3400 | B27: Інші видатки, в тому числі: | C27: =66653.872+12800 -> 79453.872 | D27: =D28+D29+D32+D30 -> 75536.952 | E27: =D27-C27 -> -3916.92
A28: 3402 | B28: Поховання безрідних | C28: 343 | D28: =([1]Місто!$F$344)/1000 -> 343 | E28: =D28-C28 -> 0
A29: 3401 | B29: Міська комплексна програма соціального захисту населення та програма "З теплом до людей" | C29: 46283.584 | D29: =[1]Місто!$F$245/1000-D32 -> 46283.584 | E29: =D29-C29 -> 0
A30: 3401 | B30: Програма підтримки молоді | C30: 2076.077 | D30: =[1]Місто!$F$109/1000 -> 2076.077 | E30: =D30-C30 -> 0
B31: в т.ч. субвенція з обласного бюджета на переселенців | E31: =D31-C31 -> 0
B32: Матеріальна допомога громадянам за рах.коштів депутатського фонду | C32: =17951.211+12800 -> 30751.211 | D32: =9600+22400-104-1959.587-234.332-1438.265-1664.617-545.24-306.832-10-2100.649-1632.751-253.559-5-160-615.101-1023.348-331.775-7.5-393.9-1262.333+12800-1481.17-2357.75-78 -> 26834.291 | E32: =D32-C32 -> -3916.92
A33: 3240 | B33: Організація та проведення громадських робіт | C33: 662.972 | D33: =([1]Місто!$F$341+[1]Місто!$F$83)/1000+[1]Місто!$F$234/1000 -> 662.972 | E33: =D33-C33 -> 0
A34: 3110 | B34: Заклади і заходи з питань дітей та їх соціального захисту | C34: 506.795 | D34: =[1]Місто!$F$259/1000 -> 506.795 | E34: =D34-C34 -> 0
A35: 3130, 3140 | B35: Утримання центрів соціальних служб для сім'ї, дітей та молоді, програмні заходи з цих питань | C35: 6323.067 | D35: =([1]Місто!$F$236+[1]Місто!$F$237+[1]Місто!$F$106)/1000 -> 6323.067 | E35: =D35-C35 -> 0
A36: 3160 | B36: Заходи з відпочинку та оздоровлення дітей | C36: 10746.342 | D36: =[1]Місто!$F$82/1000 -> 10746.342 | E36: =D36-C36 -> 0
A37: 3104 | B37: Територіальні центри соціального обслуговування (надання соціальних послуг) | C37: 33308.272 | D37: =[1]Місто!$F$233/1000 -> 33368.272 | E37: =D37-C37 -> 60
B38: депутатський фонд | C38: 48.5 | D38: =10+0.5+18+20 -> 48.5 | E38: =D38-C38 -> 0
A39: 3181 | B39: Виплат грошової компенсації фізичним особам, які надають соціальні послуги громадянам, не здатним до самообслуговування | C39: 3530.339 | D39: =[1]Місто!$F$241/1000 -> 3530.339 | E39: =D39-C39 -> 0
B40: в т.ч. депутатський фонд | E40: =D40-C40 -> 0
A41: 3202 | B41: Надання фінансової підтримки громадським організаціям інвалідів і ветеранів, діяльність яких має соціальну спрямованість | C41: 2653.808 | D41: =[1]Місто!$F$243/1000 -> 2653.808 | E41: =D41-C41 -> 0
B42: в т.ч. депутатський фонд | C42: 140.5 | D42: =34.5+7+20+23+36+10+10 -> 140.5 | E42: =D42-C42 -> 0
A43: 4000 | B43: Культура і мистецтво | C43: 141074.05 | D43: =[1]Місто!$F$268/1000 -> 141018.34 | E43: =D43-C43 -> -55.709
A44: 4110 | B44: в т.ч. кінематографія | C44: 2726.604 | D44: =[1]Місто!$F$273/1000 -> 2726.604 | E44: =D44-C44 -> 0
B45: в т.ч. депутатський фонд | C45: 158.58 | D45: =510+25-447.9+32+8+5.7+15.28+5+5.5+15 -> 173.58 | E45: =D45-C45 -> 15
A46: 5000 | B46: Фізична культура і спорт | C46: 64198.267 | D46: =[1]Місто!$F$110/1000 -> 64375.467 | E46: =D46-C46 -> 177.2
B47: в т.ч. депутатський фонд | C47: 178.841 | D47: =34.17+70.665+39-29.5+20.006+12+25+7.5+25+27.2 -> 231.041 | E47: =D47-C47 -> 52.2
B48: Житлово-комунальне господарство | C48: 843527.62 | D48: =D49+D54+D57+D58+D53+D56 -> 906048.3 | E48: =D48-C48 -> 62520.681
A49: 6010 | B49: Житлово-експлуатаційне господарство | C49: 41926.949 | D49: =([1]Місто!$F$313+[1]Місто!$F$485+[1]Місто!$F$508+[1]Місто!$F$531+[1]Місто!$F$555+[1]Місто!$F$581+[1]Місто!$F$604+[1]Місто!$F$627)/1000 -> 42780.031 | E49: =D49-C49 -> 853.082
B50: депутатський фонд | C50: 561.208 | D50: =219.955+6+163.86-100.5+22.2+48+40+52+93.093+7.5+9.1+181.28+234.45 -> 976.938 | E50: =D50-C50 -> 415.73
A51: 6030 | B51: Фінансова підтримка об'єктів житлово-комунального господарства | C51: 0 | D51: =[1]Місто!$F$317/1000 -> 0 | E51: =D51-C51 -> 0
B52: в т.ч. депутатський фонд | E52: =D52-C52 -> 0
A53: 6051 | B53: Забезпечення функціонування теплових мереж | C53: 3565.489 | D53: =[1]Місто!$F$319/1000 -> 3565.489 | E53: =D53-C53 -> 0
A54: 6060 | B54: Благоустрій міста | C54: 159079.1 | D54: =([1]Місто!$F$346+[1]Місто!$F$486+[1]Місто!$F$509+[1]Місто!$F$532+[1]Місто!$F$556+[1]Місто!$F$582+[1]Місто!$F$605+[1]Місто!$F$628)/1000 -> 160465.64 | E54: =D54-C54 -> 1386.545
B55: в т.ч. депутатський фонд | C55: 94.877 | D55: =22.232+5+22+45.645+56.2 -> 151.077 | E55: =D55-C55 -> 56.2
A56: 6130 | B56: Забезпечення функціонування комбінатів комунальних підприємств, районних виробничих об'єднань та інших підприємств, установ та організацій житлово-комунального господарства | D56: =[1]Місто!$F$386/1000 -> 600.369 | E56: =D56-C56 -> 600.369
A57: 6650 | B57: Утримання та поточний ремонт автомобільних доріг | C57: 267571.47 | D57: =[1]Місто!$F$350/1000 -> 297456.81 | E57: =D57-C57 -> 29885.346
A58: 8600 | B58: Інші видатки | C58: 371384.61 | D58: =[1]Місто!$F$329/1000+[1]Місто!$F$356/1000+[1]Місто!$F$459/1000 -> 401179.95 | E58: =D58-C58 -> 29795.339
B59: фінансова підтримка житлово-експлуатаційних та комунальних підприємств міста | C59: 369382.49 | D59: =[1]Місто!$F$330/1000+[1]Місто!$F$459/1000 -> 399177.83 | E59: =D59-C59 -> 29795.339
B60: Аварійна служба | C60: 0 | D60: =[1]Місто!$F$332/1000 -> 0 | E60: =D60-C60 -> 0
B61: проведення заходів з підготовки міста Запоріжжя до святкування до новорічних та різдвяних свят | C61: 1626.716 | D61: =[1]Місто!$F$356/1000 -> 1626.716 | E61: =D61-C61 -> 0
B62: відшкодування відсотків за кредитами | C62: 375.403 | D62: =[1]Місто!$F$333/1000 -> 375.403 | E62: =D62-C62 -> 0
B63: Депутатський фонд | E63: =D63-C63 -> 0
A64: 7200 | B64: Засоби масової інформації | C64: 10409.505 | D64: =D65+D66 -> 10409.505 | E64: =D64-C64 -> 0
A65: 7212 | B65: Міська цільова програма підтримки засобу масової інформації місцевого значення - КП "Редакція газети "Запорозька Січ" | C65: 900 | D65: =[1]Місто!$F$18/1000 -> 900 | E65: =D65-C65 -> 0
A66: 7211 | B66: Міська цільова програма "Фінансова підтримка комунального підприємства "Муніципальна телевізійна мережа" (Телеканал "МТМ")" | C66: 9509.505 | D66: =[1]Місто!$F$17/1000 -> 9509.505 | E66: =D66-C66 -> 0
A67: 6600 | B67: Транспорт | C67: 69398.5 | D67: =D68+D69+D70 -> 72622.322 | E67: =D67-C67 -> 3223.822
A68: 6640 | B68: Інші заходи у сфері електротранспорту | C68: 68800 | D68: =[1]Місто!$F$422/1000 -> 68800 | E68: =D68-C68 -> 0
A69: 6700 | B69: Діяльність і послуги не віднесені до інших категорій | C69: 598.5 | D69: =[1]Місто!$F$423/1000 -> 598.5 | E69: =D69-C69 -> 0
A70: 6800 | B70: Інші заходи у сфері автомобільного транспорту | D70: =[1]Місто!$F$427/1000 -> 3223.822 | E70: =D70-C70 -> 3223.822
A71: 7450 | B71: Підтримка малого та середнього підприємництва | C71: 680 | D71: =[1]Місто!$F$299/1000 -> 680 | E71: =D71-C71 -> 0
A72: 7501 | B72: Інші заходи, пов'язані з економічною діяльністю (заходи програми розвитку туризму) | C72: 622.205 | D72: =[1]Місто!$F$91/1000+[1]Місто!$F$283/1000 -> 692.914 | E72: =D72-C72 -> 70.709
A73: 7610 | B73: Охорона і раціональне використання земель | C73: 0 | D73: =[1]Місто!$F$405/1000 -> 0 | E73: =D73-C73 -> 0
A74: 7701 | B74: Програма природоохоронних заходів місцевого значення | C74: 0 | D74: =([1]Місто!$F$93+[1]Місто!$F$354+[1]Місто!$F$407)/1000 -> 0 | E74: =D74-C74 -> 0
A75: 7502 | B75: Інші заходи, пов'язані з економічною діяльністю (стратегія економічного розвитку) | C75: 0 | D75: =[1]Місто!$F$456/1000 -> 0 | E75: =D75-C75 -> 0
A76: 7800 | B76: Запобігання та ліквідація надзвичайних ситуацій та наслідків стихійного лиха | C76: 9650.756 | D76: =D77+D78 -> 9650.756 | E76: =D76-C76 -> 0
A77: 7810 | B77: Комунальна спеціальна воєнізовано-аварійно рятувальна служба | C77: 4662.123 | D77: =[1]Місто!$F$443/1000 -> 4662.123 | E77: =D77-C77 -> 0
A78: 7840 | B78: Запорізька міська рятувально-водолазна служба | C78: 4988.633 | D78: =[1]Місто!$F$445/1000 -> 4988.633 | E78: =D78-C78 -> 0
A79: 9010 | B79: Обслуговування боргу | E79: =D79-C79 -> 0
A80: 8600 | B80: Інші видатки | C80: 23947.237 | D80: =SUM(D81:D95) -> 23975.931 | E80: =D80-C80 -> 28.694
B81: Міська цільова програма надання автотранспортних та господарських послуг структурним підрозділам та виконавчому комітету міської ради | C81: 5453.66 | D81: =[1]Місто!$F$28/1000 -> 5453.66 | E81: =D81-C81 -> 0
B82: програма "Розвитку громадянського суспільства" | C82: 139 | D82: =[1]Місто!$F$38/1000 -> 139 | E82: =D82-C82 -> 0
B83: Програма підтримки діяльності органів самоорганізації населення міста Запоріжжя | C83: 1447.691 | D83: =([1]Місто!$F$492+[1]Місто!$F$515+[1]Місто!$F$538+[1]Місто!$F$565+[1]Місто!$F$588+[1]Місто!$F$611+[1]Місто!$F$634)/1000 -> 1447.691 | E83: =D83-C83 -> 0
B84: Міська цільова програма забезпечення членства Запорізької міської ради в Асоціаціях | C84: 609.849 | D84: =[1]Місто!$F$37/1000 -> 609.849 | E84: =D84-C84 -> 0
B85: Міська цільова програма забезпечення працездатності систем об'єктивного відеоспостереження у м.Запоріжжі | C85: 324.855 | D85: =[1]Місто!$F$34/1000 -> 324.855 | E85: =D85-C85 -> 0
B86: Програма раціонального використання території та комплексного містобудівного розвитку міста Запоріжжя | C86: 969.4 | D86: =[1]Місто!$F$376/1000 -> 969.4 | E86: =D86-C86 -> 0
B87: Програма проведення в місті Запоріжжя Покровського ярмарку | C87: 699.935 | D87: =[1]Місто!$F$302/1000 -> 699.935 | E87: =D87-C87 -> 0
B88: Програма сприяння органів місцевого самоврядування призову та мобілізації громадян м.Запоріжжі на 2016 рік | C88: 148.713 | D88: =([1]Місто!$F$498+[1]Місто!$F$521+[1]Місто!$F$544+[1]Місто!$F$571+[1]Місто!$F$594+[1]Місто!$F$617+[1]Місто!$F$640)/1000 -> 148.713 | E88: =D88-C88 -> 0
B89: Програма "Фінансування заходів з дератизації відкритих стацій та дезінсекції анофелогенних водоймищ м.Запоріжжя " | C89: 337.937 | D89: =([1]Місто!$F$493+[1]Місто!$F$516+[1]Місто!$F$539+[1]Місто!$F$566+[1]Місто!$F$589+[1]Місто!$F$612+[1]Місто!$F$635)/1000 -> 337.937 | E89: =D89-C89 -> 0
B90: Міська цільова програма відзначення в м.Запоріжжі державних памятних дат та історичних подій | C90: 550 | D90: =([1]Місто!$F$496+[1]Місто!$F$519+[1]Місто!$F$542+[1]Місто!$F$569+[1]Місто!$F$592+[1]Місто!$F$615+[1]Місто!$F$638+[1]Місто!$F$35)/1000 -> 578.694 | E90: =D90-C90 -> 28.694
B91: Програма "Запорізька Муніципальна Інтегрована Система Обробки Інформації" | C91: 6995.398 | D91: =[1]Місто!$F$42/1000 -> 6995.398 | E91: =D91-C91 -> 0
B92: Міська програма "Цифрова стратегія міста" | C92: 4055.469 | D92: =[1]Місто!$F$41/1000 -> 4055.469 | E92: =D92-C92 -> 0
B93: Програма фінансової підтримки КП "Преса" | C93: 2215.33 | D93: =[1]Місто!$F$303/1000 -> 2215.33 | E93: =D93-C93 -> 0
B94: Громадський бюджет | C94: 0 | D94: =[1]Місто!$G$470/1000 -> 0
B95: Програма депутатського фонду | E95: =D95-C95 -> 0
A96: 8010 | B96: Резервний фонд | C96: 0 | D96: =[1]Місто!$F$475/1000 -> 0 | E96: =D96-C96 -> 0
A97: 8108 | B97: Витрати, пов'язані з наданням та обслуговуванням пільгових довгострокових кредитів, наданих громадянам на будівництво (реконструкцію) та придбання житла | C97: 150 | D97: =[1]Місто!$F$126/1000 -> 150 | E97: =D97-C97 -> 0
A98: 8370 | B98: Субвенція державному бюджету (на правоохоронні органи) | C98: 2439.89 | D98: =[1]Місто!$F$477/1000 -> 2439.89 | E98: =D98-C98 -> 0
B99: Проведення виборів депутатів місцевих рад та сільських, селищних, міських голів (субвенція з Державного бюджету) | E99: =D99-C99 -> 0
A100: Разом видатки загального фонду без урахування субвенцій соціального характеру | C100: =C6+C7+C16+C21+C43+C46+C48+C64+C67+C70+C76+C80+C96+C97+C98+C71+C72+C75 -> 4456998.3 | D100: =D6+D7+D16+D21+D43+D46+D48+D64+D67+D76+D80+D96+D97+D98+D71+D72+D75 -> 4527010.3 | E100: =D100-C100 -> 70011.915
A101: 8120 | B101: Реверсна дотація (вилучення до державного бюджету) | C101: 228235.1 | D101: =[1]Місто!$F$476/1000 -> 228235.1 | E101: =D101-C101 -> 0
...
